 Dungeon Crawl Stone Soup version 0.21-a0-179-gd2bfb5f (webtiles) character file.

3956 tehllama the Skirmisher (level 10, -6/79 HPs)
             Began as a Formicid Chaos Knight on Aug 11, 2017.
             Was a Follower of Makhleb.
             Shot with an arrow by a centaur (8 damage)
             ... on level 8 of the Dungeon.
             The game lasted 00:24:13 (8722 turns).

tehllama the Skirmisher (Formicid Chaos Knight)     Turns: 8722, Time: 00:24:13

Health: -6/79      AC: 13    Str: 20    XL:     10   Next: 45%
Magic:  0/18       EV: 12    Int: 12    God:    Makhleb [*.....]
Gold:   343        SH:  0    Dex: 12    Spells: 19/20 levels left

rFire    + + .     SeeInvis +   v - +7 war axe of Big Damage {freeze, Fragile rF++ rC++}
rCold    + + .     Gourm    .   (no shield)
rNeg     . . .     Faith    .   n - +0 ring mail (curse)
rPois    .         Spirit   +   (helmet unavailable)
rElec    .         Reflect  .   b - +0 cloak
rCorr    +         Harm     .   (no gloves)
MR       +....                  (no boots)
Stlth    +.........             u - amulet of guardian spirit
HPRegen  0.23/turn              k - +4 ring of protection
MPRegen  0.16/turn              r - ring of resist corrosion

@: heavily drained
A: permanent stasis, dig shafts and tunnels, four strong arms, antennae 3,
molten scales 1, mutation resistance 1, screaming 2, strong 1, no potion heal 1
a: Dig, Shaft Self, Renounce Religion


You were on level 8 of the Dungeon.
You worshipped Makhleb.
Makhleb was aware of your devotion.
You were hungry.

You visited 2 branches of the dungeon, and saw 10 of its levels.

You collected 343 gold pieces.

Inventory:

Hand Weapons
 a - a +0 mace of chaos
 v - the +7 war axe of Big Damage (weapon) {freeze, Fragile rF++ rC++}
   (You found it on level 4 of the Dungeon)

   It has been specially enchanted to freeze those struck by it, causing extra
   injury to most foes and up to half again as much damage against particularly
   susceptible opponents.
   It can also slow down cold-blooded creatures.
   It greatly protects you from fire.
   It greatly protects you from cold.
   It will be destroyed if unequipped.
Armour
 b - a +0 cloak (worn)
 i - a +1 ring mail
 n - a cursed +0 ring mail (worn)
Jewellery
 k - a +4 ring of protection (left hand)
 r - a ring of resist corrosion (right hand)
 u - an amulet of guardian spirit (around neck)
 C - an uncursed amulet of faith {unknown}
Wands
 p - a wand of paralysis (12/24)
 w - a wand of paralysis (11/24)
 x - a wand of disintegration (5/24)
 B - a wand of iceblast (15/15)
Scrolls
 e - 3 scrolls of immolation
 h - 6 scrolls of remove curse
 l - a scroll of silence
 t - 3 scrolls of amnesia
 y - 3 scrolls of teleportation
 A - a scroll of brand weapon {unknown}
 D - a scroll of enchant weapon {unknown}
 G - a scroll of fog {unknown}
Potions
 g - a potion of curing
 j - 2 potions of flight
 q - a potion of mutation
 z - a potion of haste
 E - a potion of agility
Books
 o - a book of Changes

   Spells                             Type                      Level
   a - Beastly Appendage              Transmutation                1
   b - Sticks to Snakes               Transmutation                2
   c - Spider Form                    Transmutation/Poison         3
   d - Ice Form                       Ice/Transmutation            4
   e - Blade Hands                    Transmutation                5
Miscellaneous
 s - a lightning rod (4/4)
Comestibles
 c - 6 bread rations
 d - 4 fruits
 f - 2 meat rations
 m - 5 royal jellies


   Skills:
 + Level 7.2(4.5) Fighting
 + Level 6.3(4.3) Axes
 - Level 4.1(3.2) Maces & Flails
 + Level 7.2(4.5) Armour
 + Level 5.4(2.8) Dodging
 + Level 5.8(3.2) Spellcasting
 + Level 3.4(1.0) Transmutations


You had 19 spell levels left.
You knew the following spells:

 Your Spells              Type           Power        Failure   Level  Hunger
a - Beastly Appendage     Tmut           #.....       26%         1    #......


Dungeon Overview and Level Annotations

Branches:
Dungeon (9/15)             Temple (1/1) D:6
   Lair: D:8-11         Orc: D:9-12

Altars:
Ashenzari
Cheibriados
Dithmenos
Fedhas
Gozag
Hepliaklqana
Kikubaaqudgha
Makhleb
Nemelex Xobeh
Okawaru
Qazlal
Ru
Sif Muna
Trog
Uskayaw
Vehumet
Wu Jian
Xom
Yredelemnul
Zin
The Shining One

Annotations:
D:8 Deeps's ghost, novice MiFi
D:9 Deeps's ghost, novice MiFi


Innate Abilities, Weirdness & Mutations

You cannot be hasted, slowed, berserked, paralysed or teleported.
You can dig through walls and to a lower floor.
Your four strong arms can wield two-handed weapons with a shield.
You have a pair of large antennae on your head. (SInv)
You are partially covered in molten scales. (AC +2)
You are somewhat resistant to further mutation.
You sometimes yell uncontrollably at your foes.
Your muscles are strong. (Str +2)
Potions are less effective at restoring your health.


Message History

The centaur hits you.
* * * LOW HITPOINT WARNING * * *
The wight hits you from afar with an enchanted halberd!
* * * LOW HITPOINT WARNING * * *
The centaur barely misses you.
You barely miss the centaur.
The centaur is almost dead.
The centaur hits you but does no damage.
The wight hits you from afar with an enchanted halberd!
* * * LOW HITPOINT WARNING * * *
You feel drained. The centaur closely misses you.
Unknown command.
Unknown command.
You see here an arrow.
The centaur wields an uncursed shortbow.
The centaur shoots an arrow.
The arrow barely misses you.
The centaur shoots an arrow.
The arrow hits you but does no damage.
You see here 2 arrows.
The centaur shoots an arrow.
The arrow hits you!
You die...

,,,,,,,,,,*#>#,,.#,,****,*
,**,,,,,,,*#.#,***,,,,,,,*
,**,,,,,,,*#.#,****,******
***,,,,,,,*#{#,,,,,,*
*,,,{,,,*#.#####***
*,,,,,,{*#zo)c.#
*,,,,,{,*#####(# *,,,,,,,*
#.# ***,,,,,,,*****#@#
,,,,,,,,,........#
,,,,,****#######.# ,,,,,*
### ,,,,,* ,,,,,* ,,,,,*
,,,,,* ******


You could see a centaur.

Vanquished Creatures
  The ghost of ChampionHyena the Spear-Bearer, a novice MfGl (D:7)
  Grinder (D:6)
  Sigmund (D:4)
  Eustachio (D:5)
  A water moccasin (D:5)
  An ice beast (D:5)
  A sky beast (D:8)
  A phantom (D:7)
  6 ogres
  5 centaurs
  2 bullfrogs (D:7)
  A scorpion (D:5)
  3 killer bees (D:8)
  4 wights (D:8)
  2 howler monkeys
  2 crimson imps
  A bullfrog zombie (D:5)
  A centaur zombie (D:7)
  A bullfrog skeleton (D:5)
  6 hounds
  Crazy Yiuf (D:7)
  3 orc priests
  A centaur skeleton (D:4)
  2 jellies
  4 orc wizards
  3 iguanas
  Ijyb (D:5)
  2 worker ants
  A hound zombie (D:7)
  A hound skeleton (D:5)
  A worker ant zombie (D:7)
  11 adders
  2 shadow imps
  3 worms
  A dart slug (D:2)
  4 leopard geckos
  11 orcs
  6 bats
  3 giant cockroaches
  5 goblins
  4 hobgoblins
  9 jackals
  5 quokkas
  7 frilled lizards
  8 kobolds
  3 rats
144 creatures vanquished.

Notes
Turn   | Place    | Note
-------+----------+-------------------------------------------
     0 | D:1      | tehllama the Formicid Chaos Knight began the quest for the Orb.
     0 | D:1      | Reached XP level 1. HP: 18/18 MP: 1/1
   348 | D:1      | XOM: mild Chrm miscast
   353 | D:1      | You fall through a shaft!
   382 | D:2      | Reached skill level 1 in Dodging
   382 | D:2      | Reached skill level 1 in Spellcasting
   382 | D:2      | Reached XP level 2. HP: 24/24 MP: 1/3
   607 | D:2      | XOM: confuse monster(s)
   615 | D:2      | Reached XP level 3. HP: 26/29 MP: 4/4
   662 | D:2      | XOM: harmless Chrm miscast
   721 | D:2      | XOM: god gift: 2 scrolls labeled JOBIYNG FOFOPSI {god gift}
   934 | D:2      | Reached XP level 4. HP: 34/35 MP: 6/6
  1064 | D:2      | XOM is BORED!
  1064 | D:2      | XOM: noise
  1080 | D:2      | XOM: medium Ice miscast
  1160 | D:2      | XOM: noise
  1217 | D:2      | XOM: summons 1 hostile shadow creature
  1701 | D:3      | XOM: stealth player
  1712 | D:3      | XOM: mild Hex miscast
  1789 | D:3      | XOM: summons 2 hostile demons
  1863 | D:3      | Reached XP level 5. HP: 24/41 MP: 7/7
  1911 | D:3      | XOM: summons 3 hostile shadow creatures
  1930 | D:3      | HP: 2/41 [orc/enchanted trident[Xom] (2)]
  2076 | D:3      | XOM: mild Pois miscast
  2269 | D:3      | Noticed an ogre
  2278 | D:3      | Killed an ogre
  2278 | D:3      | Reached XP level 6. HP: 24/48 MP: 9/9
  2811 | D:3      | XOM: god gift: lightning rod (4/4)
  2887 | D:3      | XOM: cast spell 'Alistair's Intoxication'
  3281 | D:4      | Noticed an ogre
  3289 | D:4      | Killed an ogre
  3374 | D:4      | Noticed an ogre
  3376 | D:4      | XOM: noise
  3388 | D:4      | Killed an ogre
  3388 | D:4      | Reached XP level 7. HP: 8/55 MP: 11/11
  3655 | D:4      | XOM: give mutations
  3655 | D:4      | Gained mutation: Potions are less effective at restoring your health. [Xom's mischief]
  3655 | D:4      | Gained mutation: Your body sometimes deteriorates upon taking damage. [Xom's mischief]
  3655 | D:4      | Gained mutation: Armour fits poorly on your strangely shaped body. [Xom's mischief]
  4006 | D:4      | Got a smoking war axe
  4007 | D:4      | Identified the +7 war axe of Big Damage {freeze, Fragile rF++ rC++} (You found it on level 4 of the Dungeon)
  4664 | D:4      | Noticed Sigmund
  4672 | D:4      | Killed Sigmund
  4672 | D:4      | Reached skill level 1 in Axes
  4809 | D:5      | Entered Level 5 of the Dungeon
  4938 | D:5      | Noticed Eustachio
  4946 | D:5      | XOM: enchant monster (good)
  4947 | D:5      | Killed Eustachio
  4947 | D:5      | Reached skill level 5 in Fighting
  4947 | D:5      | Reached XP level 8. HP: 57/62 MP: 11/13
  4960 | D:5      | Reached skill level 5 in Armour
  5089 | D:5      | XOM: noise
  5200 | D:5      | XOM: give mutations
  5200 | D:5      | Gained mutation: You are clumsy. (Dex -2) [Xom's mischief]
  5200 | D:5      | Gained mutation: You occasionally shout uncontrollably at your foes. [Xom's mischief]
  5258 | D:5      | XOM: mild Tloc miscast
  5363 | D:5      | Noticed Ijyb
  5369 | D:5      | Killed Ijyb
  5520 | D:5      | Found a sparkling altar of Nemelex Xobeh.
  5611 | D:6      | Noticed Grinder
  5612 | D:6      | XOM: fog
  5616 | D:6      | XOM: confusion (+ monsters)
  5623 | D:6      | Killed Grinder
  5623 | D:6      | Reached XP level 9. HP: 55/69 MP: 12/15
  5682 | D:6      | Found a deep blue altar of Sif Muna.
  5689 | D:6      | Found a sparkling altar of Nemelex Xobeh.
  5692 | D:6      | Found a shimmering altar of Xom.
  5694 | D:6      | Found a blossoming altar of Fedhas.
  5747 | D:6      | Found a staircase to the Ecumenical Temple.
  5754 | Temple   | Entered the Ecumenical Temple
  5832 | Temple   | Fell from the grace of Xom
  5832 | Temple   | Became a worshipper of Makhleb the Destroyer
  6099 | D:6      | XOM: give mutations
  6099 | D:6      | Gained mutation: You are partially covered in molten scales. (AC +2) [Xom's mischief]
  6099 | D:6      | Gained mutation: You sometimes yell uncontrollably at your foes. [Xom's mischief]
  6099 | D:6      | Lost mutation: Armour fits poorly on your strangely shaped body. [Xom's mischief]
  6126 | D:6      | Reached skill level 5 in Axes
  6283 | D:6      | XOM: give mutations
  6283 | D:6      | Gained mutation: You are dopey. (Int -2) [Xom's mischief]
  6283 | D:6      | Gained mutation: You are very dopey. (Int -4) [Xom's mischief]
  6283 | D:6      | Lost mutation: You are clumsy. (Dex -2) [Xom's mischief]
  6520 | D:6      | XOM: summons 4 hostile demons
  6533 | D:6      | Lost mutation: You are very dopey. (Int -4) [potion of mutation]
  6533 | D:6      | Lost mutation: Your body sometimes deteriorates upon taking damage. [potion of mutation]
  6533 | D:6      | Gained mutation: Your muscles are strong. (Str +2) [potion of mutation]
  6533 | D:6      | Lost mutation: You are dopey. (Int -2) [potion of mutation]
  6533 | D:6      | Gained mutation: You are somewhat resistant to further mutation. [potion of mutation]
  6707 | D:7      | Noticed ChampionHyena's ghost (novice MfGl)
  6974 | D:6      | Learned a level 1 spell: Beastly Appendage
  7243 | D:7      | Killed ChampionHyena's ghost
  7243 | D:7      | Reached skill level 5 in Spellcasting
  7243 | D:7      | Reached skill level 1 in Transmutations
  7446 | D:7      | Reached XP level 10. HP: 31/77 MP: 8/17
  7743 | D:6      | Reached skill level 5 in Dodging
  7792 | D:7      | XOM: severe Chrm miscast
  7822 | D:7      | Found a runed door.
  7826 | D:7      | Noticed Crazy Yiuf
  7829 | D:7      | Killed Crazy Yiuf
  7829 | D:7      | Reached * piety under Makhleb
  8143 | D:7      | Found a hide-covered altar of Uskayaw.
  8631 | D:9      | Noticed Deeps's ghost (novice MiFi)
  8669 | D:8      | Noticed Deeps's ghost (novice MiFi)
  8689 | D:8      | XOM: repel stairs
  8718 | D:8      | HP: 1/79 [wight/enchanted halberd (6)]
  8722 | D:8      | Shot with an arrow by a centaur

Vault maps used:
D:1:      saegor_arrival_simple_a, kennysheep_boxes
D:2:      first_bread, minmay_misc_feat_tiny
D:4:      uniq_sigmund
D:5:      kennysheep_six_static_rooms, nemelex_diamond_rough_becter, uniq_ijyb,
          uniq_eustachio
D:6:      minitemple, temple_doors_e, hangedman_decor_riveting, uniq_grinder
D:7:      eat_drink_and_be_merry_uskayaw, uniq_crazy_yiuf_cottage
D:8:      minmay_the_grid_octo_triangle, nicolae_ossuary_entry_giza,
          uniq_maurice, uniq_prince_ribbit1
D:9:      elyvilon_altar_5
Temple:   kb_temple_of_zot

Skill      XL: |  1  2  3  4  5  6  7  8  9 10 |
---------------+-------------------------------+-----
Dodging        | 1 2 3 4 5 |  5.4
Spellcasting   | 1 2 3 4 5 |  5.8
Armour         | 3 4 5 6 7 |  7.2
Fighting       | 4 5 6 7 |  7.2
Maces & Flails | 4 |  4.1
Axes           | 2 4 5 6 |  6.3
Transmutations | 2 3 |  3.4

Action                   |  1- 3 |  4- 6 |  7- 9 | 10-12 || total
-------------------------+-------+-------+-------+-------++-------
Melee: Mace              |    54 |   165 |    26 |       ||   245
       War axe           |       |       |   166 |    93 ||   259
 Abil: Shaft Self        |     1 |       |       |       ||     1
  Use: Scroll            |       |     5 |     5 |     1 ||    11
       Potion            |       |       |     6 |     3 ||     9
 Stab: Paralysed         |     3 |       |       |       ||     3
       Sleeping          |       |     1 |       |       ||     1
  Eat: Chunk             |       |     8 |     9 |     2 ||    19
       Fruit             |       |       |     7 |       ||     7
Armor: Leather armour    |    29 |    11 |       |       ||    40
       Ring mail         |       |    58 |    81 |    52 ||   191
Dodge: Dodged            |    28 |   120 |   138 |    69 ||   355
